 Dungeon Crawl Stone Soup version 0.30.1-10-g1249ef9ec4 (webtiles) character file.

Game seed: 8576395391091265564

158 lonewolfV2 the Covered (level 5, -8/41 HPs)
             Began as a Demonspawn Fighter on Oct 26, 2023.
             Mangled by a gnoll
             ... wielding a +1 whip of electrocution
              (9 damage)
             ... on level 3 of the Dungeon.
             The game lasted 00:03:04 (2246 turns).

lonewolfV2 the Covered (Demonspawn Fighter)         Turns: 2246, Time: 00:03:05

Health: -8/41      AC:  7    Str: 18    XL:     5   Next: 16%
Magic:  5/5        EV:  9    Int:  9    God:
Gold:   121        SH:  0    Dex: 13    Spells: 4/4 levels left

rFire   . . .        a - +0 war axe
rCold   + . .        k - +1 kite shield
rNeg    . . .        b - +0 scale mail
rPois   +            (no helmet)
rElec   .            (no cloak)
rCorr   .            (no gloves)
SInv    .            (no boots)
Will    .....        (no amulet) Stlth
                     e - ring of poison resistance
HPRegen 0.26/turn    c - ring of protection from cold
MPRegen 0.09/turn

%: no passive effects
@: confused, mighty, ambrosia-drunk
A: large bone plates 1, condensation shield
a: no special abilities


You were on level 3 of the Dungeon.
You visited 1 branch of the dungeon, and saw 3 of its levels.

You collected 121 gold pieces.

Inventory:

Hand Weapons
 a - a +0 war axe (weapon)
Armour
 b - a +0 scale mail (worn)
 k - a +1 kite shield (worn)
Jewellery
 c - a ring of protection from cold (right hand)
 e - a ring of poison resistance (left hand)
Scrolls
 j - a scroll of fear
 l - a scroll of enchant weapon {unknown}
Potions
 f - a potion of invisibility {unknown}
 g - 2 potions of attraction {unknown}
 i - a potion of curing {unknown}


   Skills:
 - Level 3.0 Fighting
 - Level 1.7 Axes
 + Level 3.7 Armour
 * Level 3.5 Dodging
 - Level 2.6 Shields


You had 4 spell levels left.
You didn't know any spells.
Your spell library contained the following spells:

 Spells                   Type           Power      Damage    Failure   Level
 Summon Small Mammal      Summ           0%         N/A       98%         1
 Call Canine Familiar     Summ           0%         N/A       100%        3
 Summon Guardian Golem    Hex/Summ       0%         N/A       100%        3


Dungeon Overview and Level Annotations

Branches:
Dungeon (3/15)

Altars:


Innate Abilities, Weirdness & Mutations

You are partially covered in large bone plates. (SH +4)
A meltable shield of frost defends you. (SH +4)


Message History

You block the giant cockroach's attack.
You closely miss the giant cockroach. The giant cockroach closely misses you.
You closely miss the giant cockroach.
The giant cockroach bites you but does no damage.
The giant cockroach misses you.
You hit the giant cockroach.
You kill the giant cockroach!
Items here: ( )) ††.
Items here: ( )) ††.
A gnoll comes into view.
It is wielding a +1 whip of electrocution.
A gnoll is nearby!
A gnoll is nearby!
The gnoll shouts!
You hear a shout!
You barely miss the gnoll. The gnoll hits you but does no damage.
You block the gnoll's attack.
You hit the gnoll but do no damage. You block the gnoll's attack.
A gnoll comes into view. It is wielding a +0 whip.
The gnoll shouts!
You slash the gnoll!
The gnoll is severely wounded.
You block the gnoll's attack.
A gnoll comes into view. It is wielding a +0 halberd.
You block the gnoll's attack.
You barely miss the gnoll.
The gnoll is severely wounded.
The gnoll closely misses you.
The gnoll hits you with a +1 whip of electrocution!
You are electrocuted!!
You barely miss the gnoll.
The gnoll is severely wounded.
You block the gnoll's attack.
You are confused.
You feel invigorated. The gnoll hits you but does no damage.
You are electrocuted!
* * * LOW HITPOINT WARNING * * *
You feel very mighty all of a sudden.
The gnoll hits you with a +1 whip of electrocution!
* * * LOW HITPOINT WARNING * * *
You are electrocuted!
You die...

##### ##...##
##########..#..# #
........)..###.###.#
.#########..#......#
##.#########..........
#.ggg@.......###.###.#
#..#########.# #.# # #
#.###.# #.....#
#..#### #######..#
#..###.)......#
#...##)#####..#
#...##.# #..#


You could see 3 gnolls.

Vanquished Creatures
  Robin (D:3)
  4 adders
  5 worms (D:2)
  3 dart slugs
  4 orcs (D:3)
  6 endoplasms
  7 giant cockroaches
  8 hobgoblins
  A quokka (D:3)
  7 ball pythons
  5 bats (D:1)
  13 goblins
  8 kobolds
  2 rats
74 creatures vanquished.

Vanquished Creatures (others)
  An orc wizard (D:3)
1 creature vanquished.

Grand Total: 75 creatures vanquished

Notes
Turn   | Place    | Note
-------+----------+-------------------------------------------
     0 | D:1      | lonewolfV2 the Demonspawn Fighter began the quest for the
                  | Orb.
     0 | D:1      | Reached XP level 1. HP: 18/18 MP: 1/1
    97 | D:1      | Reached skill level 1 in Dodging
   182 | D:1      | Gained mutation: A meltable shield of frost defends you.
                  | (SH +4) [demonic ancestry]
   182 | D:1      | Reached XP level 2. HP: 22/24 MP: 2/2
   494 | D:1      | Gained mutation: You are partially covered in large bone
                  | plates. (SH +4) [demonic ancestry]
   494 | D:1      | Reached XP level 3. HP: 29/29 MP: 3/3
  1233 | D:2      | Reached XP level 4. HP: 34/35 MP: 4/4
  1559 | D:3      | Noticed Robin
  1566 | D:3      | Killed Robin
  1929 | D:3      | Reached XP level 5. HP: 32/41 MP: 5/5
  2246 | D:3      | HP: 1/41 [gnoll/+1 whip of electrocution (7)]
  2246 | D:3      | Mangled by a gnoll

Illustrated notes

Levels and vault maps discovered:
D:1:      saegor_arrival_simple_b, layout_loops_ring, minmay_ruptured
D:2:      layout_basic
D:3:      layout_loops_ring, uniq_robin, uniq_crazy_yiuf_cottage

Skill      XL: |  1  2  3  4 |
---------------+-------------+-----
Dodging        | 1 2 3 |  3.5
Armour         | 3 |  3.7
Fighting       | |  3.0
Axes           | |  1.7
Shields        | |  2.6

Action                     |  1- 3 |  4- 6 || total
---------------------------+-------+-------++-------
  Melee: War axe           |    98 |    98 ||   196
    Use: Scroll            |     3 |     4 ||     7
         Potion            |       |     2 ||     2
 Armour: Scale mail        |    58 |    33 ||    91
  Dodge: Dodged            |    56 |    25 ||    81
  Block: Buckler           |    41 |       ||    41
         Kite shield       |    17 |    97 ||   114
